 Dungeon Crawl Stone Soup version 0.22-a0-197-g4ac3794 (webtiles) character file.

11 sunny1234 the Skirmisher (level 2, 0/31 HPs)
             Began as an Ogre Skald on Feb 18, 2018.
             Slain by a bat (1 damage)
             ... on level 1 of the Dungeon.
             The game lasted 00:00:21 (97 turns).

sunny1234 the Skirmisher (Ogre Skald)                 Turns: 97, Time: 00:00:22

Health: 0/31       AC:  3    Str: 14    XL:     2   Next: 29%
Magic:  1/5        EV: 10    Int: 14    God:
Gold:   28         SH:  0    Dex:  8    Spells: 5/6 levels left

rFire    . . .     SeeInvis .   a - +0 mace
rCold    . . .     Gourm    .   (no shield)
rNeg     . . .     Faith    .   b - +0 robe
rPois    .         Spirit   .   (helmet restricted)
rElec    .         Reflect  .   (no cloak)
rCorr    .         Harm     .   (gloves unavailable)
MR       .....                  (boots unavailable)
Stlth    +.........             (no amulet)
HPRegen  0.10/turn              (no ring)
MPRegen  0.09/turn              (no ring)

@: infused (expiring)
A: large, unfitting armour, tough skin 1
a: no special abilities


You were on level 1 of the Dungeon.
You were not hungry.

You visited 1 branch of the dungeon, and saw 1 of its levels.

You collected 28 gold pieces.

Inventory:

Hand Weapons
 a - a +0 mace (weapon)
Armour
 b - a +0 robe (worn)
Books
 c - a book of Battle

   Spells                             Type                      Level
   a - Infusion                       Charms                       1
   b - Shroud of Golubria             Charms/Translocation         2
   c - Song of Slaying                Charms                       2
   d - Spectral Weapon                Hexes/Charms                 3
   e - Regeneration                   Charms/Necromancy            3
Comestibles
 d - a ration
 f - a chunk of flesh


   Skills:
 + Level 3.0 Fighting
 + Level 2.0 Maces & Flails
 + Level 2.2 Dodging
 + Level 2.6 Spellcasting
 + Level 2.8 Charms


You had 5 spell levels left.
You knew the following spells:

 Your Spells              Type           Power        Failure   Level  Hunger
a - Infusion              Chrm           #...         7%          1    #......


Dungeon Overview and Level Annotations

Branches:
Dungeon (1/15)

Altars:


Innate Abilities, Weirdness & Mutations

You are too large for most types of armour.
You have tough skin. (AC +1)


Message History

The bat hits you but does no damage. The bat barely misses you.
The frilled lizard barely misses you. The ooze hits you.
* * * LOW HITPOINT WARNING * * *
The frilled lizard closely misses you.
You hit the ooze but do no damage.
The ooze is almost dead.
The bat hits you but does no damage. The bat barely misses you.
The ooze barely misses you. The bat hits you but does no damage.
The frilled lizard bites you but does no damage.
You hit the ooze.
You kill the ooze!
Your Fighting skill increases to level 3!
Your Maces & Flails skill increases to level 2!
The bat barely misses you. The frilled lizard barely misses you.
You barely miss the frilled lizard.
Your magical infusion is running out.
The frilled lizard bites you.
* * * LOW HITPOINT WARNING * * *
The bat hits you.
You die...

#....# ......#
#....# #......
#....# #......
####.# .......
###.#
.......###...#
#.....##...#
#....)##...##
#....@##....#
#...lb##....#
#......#.)..#
#........#.##
#......#.#.#
######......
#..##.## #...
... #........


You could see a bat and a frilled lizard.

Vanquished Creatures
  An ooze (D:1)
  2 giant cockroaches (D:1)
  2 hobgoblins (D:1)
  A kobold (D:1)
  A rat (D:1)
7 creatures vanquished.

Notes
Turn   | Place    | Note
-------+----------+-------------------------------------------
     0 | D:1      | sunny1234 the Ogre Skald began the quest for the Orb.
     0 | D:1      | Reached XP level 1. HP: 22/22 MP: 3/3
    94 | D:1      | Reached XP level 2. HP: 4/29 MP: 0/5
    96 | D:1      | Reached skill level 3 in Fighting
    97 | D:1      | HP: 1/31 [frilled lizard (2)]
    97 | D:1      | Slain by a bat

Vault maps used:
D:1:      evilmike_arrival_home_sweet_home, hangedman_decor_clover_reticule,
          minmay_tetromino_o2

Skill      XL: |  1  2 |
---------------+-------+-----
Fighting       | 3 |  3.0
Maces & Flails | 2 |  2.0
Dodging        | |  2.2
Spellcasting   | |  2.6
Charms         | |  2.8

Action                   || total
-------------------------++-------
Melee: Mace              ||    26
 Cast: Infusion          ||     1
Armor: Robe              ||    19
Dodge: Dodged            ||    41

Table legend:
 A = Spawn XP
 B = Non-spawn XP
 C = Spawn XP percentage of total XP
 D = Spawn monster count
 E = Non-spawn monster count
 F = Spawn count percentage of total count
 G = Total turns spent on level
                    A         B        C        D         E        F      G
               +---------+---------+-------+---------+---------+-------+---------
         Total |       0 |      17 |   0.0 |       0 |       7 |   0.0 |    97
               +---------+---------+-------+---------+---------+-------+---------
           D:1 |       0 |      17 |   0.0 |       0 |       7 |   0.0 |    97
               +---------+---------+-------+---------+---------+-------+---------
